 Dungeon Crawl Stone Soup version 0.30-a0-462-gd5975efbca (webtiles) character file.

Game seed: 17607734551613304019

21 oldriver the Vexing (level 2, -3/22 HPs)
             Began as a Barachi Hexslinger on Dec 17, 2022.
             Killed from afar by Natasha (10 damage)
             ... with a magic dart
             ... on level 2 of the Dungeon.
             The game lasted 00:01:06 (760 turns).

oldriver the Vexing (Barachi Hexslinger)             Turns: 760, Time: 00:01:07

Health: -3/22      AC:  2    Str: 11    XL:     2   Next: 87%
Magic:  3/3        EV: 12    Int: 13    God:
Gold:   66         SH:  0    Dex: 12    Spells: 2/3 levels left

rFire   . . .      SeeInvis .    a - +1 sling
rCold   . . .      Faith    .    (no shield)
rNeg    . . .      Spirit   .    c - +0 robe
rPois   .          Reflect  .    (no helmet)
rElec   .          Harm     .    (no cloak)
rCorr   .          Rampage  .    (no gloves)
Will    .....                    (no boots)
Stlth   +.........               (no amulet)
HPRegen 0.23/turn                (no ring)
MPRegen 0.08/turn                (no ring)

@: slow
A: amphibious, slowness 1, strong legs 1, +LOS
a: Hop


You were on level 2 of the Dungeon.
You visited 1 branch of the dungeon, and saw 2 of its levels.

You collected 66 gold pieces.

Inventory:

Hand Weapons
 a - a +1 sling (weapon)
Armour
 c - a +0 robe (worn)
Scrolls
 b - a scroll of poison
 g - 5 scrolls of identify {unknown}
 j - a scroll of fog {unknown}
 k - a scroll of vulnerability {unknown}
Potions
 d - a potion of mutation {unknown}
 e - a potion of curing {unknown}
 f - a potion of might {unknown}
 h - a potion of lignification {unknown}
 i - 3 potions of invisibility {unknown}


   Skills:
 + Level 2.1 Fighting
 * Level 2.9 Ranged Weapons
 - Level 2.1 Dodging
 - Level 1.1 Spellcasting
 - Level 3.2 Hexes


You had 2 spell levels left.
You knew the following spells:

 Your Spells              Type           Power      Damage    Failure   Level
a - Slow                  Hex            36%        N/A       8%          1

Your spell library contained the following spells:

 Spells                   Type           Power      Damage    Failure   Level
 Inner Flame              Hex/Fire       4%         N/A       38%         3
 Portal Projectile        Hex/Tloc       8%         N/A       38%         3
 Cause Fear               Hex            4%         N/A       58%         4


Dungeon Overview and Level Annotations

Branches:
Dungeon (2/15)

Altars:

Annotations:
D:2 Natasha


Innate Abilities, Weirdness & Mutations

You are amphibious.
You cover ground slowly.
You can hop short distances.
You have an extended range of vision and can be seen from far away.


Message History

Done exploring.
Done exploring.
Done exploring.
No target in view!
No target in view!
(D) Dungeon
Where to? (? - help)
What level of the Dungeon? (default 1, ? - help)
There is a stone staircase leading down here.
You climb downwards.
There is a stone staircase leading up here.
Natasha is nearby!
Natasha is nearby!
Natasha is nearby!
Natasha is nearby!
You shoot a sling bullet.
The sling bullet completely misses Natasha.
Natasha hisses angrily.
You shoot a sling bullet. The sling bullet hits Natasha.
Natasha is moderately wounded.
Natasha claws you!
You shoot a sling bullet. The sling bullet hits Natasha.
Natasha is heavily wounded.
Natasha claws you. Natasha misses you.
You shoot a sling bullet.
The sling bullet closely misses Natasha.
Natasha mumbles some strange words.
Natasha glows brightly for a moment.
Natasha casts a spell at you. The magic dart hits you!
You are too injured to fight recklessly!
You are too injured to fight recklessly!
Fire: a) +1 sling
Press: ? - help, Shift-Dir - straight line, f/p - Natasha
Aim: Natasha (heavily wounded, 50% to hit)
You shoot a sling bullet. The sling bullet hits Natasha.
Natasha is severely wounded.
Natasha stares at you and mumbles some strange words.
The magic dart hits you!
You die...

####### .....
####..#####.##
#....@........
#.##.h##.##.##
....# #.###..
# ###


You could see Natasha.

Vanquished Creatures
  A dart slug (D:1)
  2 ball pythons (D:1)
  4 goblins (D:1)
  3 hobgoblins (D:1)
  2 jackals (D:1)
  2 kobolds (D:1)
  A bat (D:1)
  2 rats (D:1)
17 creatures vanquished.

Notes
Turn   | Place    | Note
-------+----------+-------------------------------------------
     0 | D:1      | oldriver the Barachi Hexslinger began the quest for the
                  | Orb.
     0 | D:1      | Reached XP level 1. HP: 15/15 MP: 2/2
   205 | D:1      | Reached XP level 2. HP: 22/22 MP: 3/3
   755 | D:2      | Noticed Natasha
   760 | D:2      | Killed from afar by Natasha

Illustrated notes

Levels and vault maps discovered:
D:1:      psy_arrival_spokes, layout_rooms, minmay_tromino_i2
D:2:      layout_loops_cross, nrook_loot_triangle, minmay_pentomino_pile,
          uniq_natasha

Skill      XL: |  1  2 |
---------------+-------+-----
Fighting       | 2 |  2.1
Ranged Weapons | |  2.9
Dodging        | |  2.1
Spellcasting   | |  1.1
Hexes          | |  3.2

Action                   || total
-------------------------++-------
 Fire: Sling             ||    68
 Cast: Slow              ||     3
 Abil: Hop               ||     1
Armor: Robe              ||     1
Dodge: Dodged            ||    20

Table legend: (Time is in decaauts)
 A = Elapsed time spent in this place.
 B = Non-inter-level travel time spent in this place.
 C = Inter-level travel time spent in this place.
 D = Time resting spent in this place.
 E = Time spent auto-exploring this place.
 F = Levels seen in this place.
 G = Mean time per level.
                   A        B        C        D        E       F      G
               +--------+--------+--------+--------+--------+-----+--------+
         Total |    866 |    858 |      8 |    188 |    547 |   2 |  433.0 |
       Dungeon |    866 |    858 |      8 |    188 |    547 |   2 |  433.0 |
               +--------+--------+--------+--------+--------+-----+--------+

Top non-repeatable levels by time:
     D:1: 860 daAuts
     D:2: 5 daAuts
